 Dungeon Crawl Stone Soup version 0.22-a0-609-gfedc9ff (webtiles) character file.

79 Dancorps13 the Skirmisher (level 4, 0/40 HPs)
             Began as a Hill Orc Abyssal Knight on July 11, 2018.
             Was a Believer of Lugonu.
             Succumbed to an adder's poison
             ... on level 2 of the Dungeon.
             The game lasted 00:12:06 (2309 turns).

Dancorps13 the Skirmisher (Hill Orc Abyssal Knight) Turns: 2309, Time: 00:12:06

Health: 0/40       AC:  6    Str: 15    XL:     4   Next: 37%
Magic:  7/7        EV:  7    Int: 12    God:    Lugonu [**....]
Gold:   72         SH:  7    Dex: 10    Spells: 3/3 levels left

rFire    . . .     SeeInvis .   a - +1 hand axe
rCold    . . .     Gourm    .   n - +0 shield (curse)
rNeg     . . .     Faith    +   o - +0 ring mail
rPois    .         Spirit   .   (no helmet)
rElec    .         Reflect  .   (no cloak)
rCorr    .         Harm     .   w - +0 pair of gloves
MR       .....                  (no boots)
Stlth    ..........             s - amulet of faith
HPRegen  0.13/turn              (no ring)
MPRegen  0.10/turn              (no ring)

@: lethally poisoned (0 -> -1)
A: no striking features
a: Depart the Abyss, Bend Space, Renounce Religion


You were on level 2 of the Dungeon.
You worshipped Lugonu.
Lugonu was pleased with you.
You were not hungry.

You visited 1 branch of the dungeon, and saw 3 of its levels.
You visited the Abyss 1 time.

You collected 72 gold pieces.

Inventory:

Hand Weapons
 a - a +1 hand axe (weapon)
Missiles
 k - a throwing net (quivered)
Armour
 b - a +0 leather armour
 f - a +0 leather armour
 n - a cursed +0 shield (worn)
 o - a +0 ring mail (worn)
 w - a +0 pair of gloves (worn)
Jewellery
 s - an amulet of faith (around neck)
Scrolls
 d - 2 scrolls of amnesia {unknown}
 i - 2 scrolls of enchant weapon {unknown}
 j - a scroll of magic mapping {unknown}
 l - a scroll of immolation {unknown}
 m - 4 scrolls of teleportation {unknown}
 q - 2 scrolls of remove curse {unknown}
 r - 3 scrolls of identify {unknown}
Potions
 e - a potion of mutation {unknown}
 g - 2 potions of agility {unknown}
 h - a potion of heal wounds {unknown}
 p - a potion of brilliance {unknown}
 t - a potion of haste {unknown}
 u - a potion of flight {unknown}
 v - a potion of resistance {unknown}
Comestibles
 c - 4 rations


   Skills:
 + Level 4.0 Fighting
 * Level 3.9 Axes
 + Level 2.7 Armour
 - Level 0.7 Dodging
 + Level 0.7 Shields
 * Level 4.0 Invocations


You had 3 spell levels left.
You didn't know any spells.
Your spell library was empty.

Dungeon Overview and Level Annotations

Branches:
Dungeon (3/15)

Altars:


Message History

The ice beast hits you but does no damage.
You hit the adder.
You kill the adder!
Lugonu accepts your kill.
Your Invocations skill increases to level 4!
You barely miss the ice beast. The ice beast hits you.
The ice beast freezes you.
* * * LOW HITPOINT WARNING * * *
You block the ice beast's attack.
You climb upwards.
You feel sick.
There is a stone staircase leading down here.
The ice beast hits you.
* * * LOW HITPOINT WARNING * * *
The ice beast freezes you.
* * * LOW HITPOINT WARNING * * *
* * * LOW HITPOINT WARNING * * *
You feel sick.
* * * LOW HITPOINT WARNING * * *
You feel sick.
You die...

#.###..##.# #.##..#.#....#
#.# #..##.# #.##..#.#.####
#.# #..##.######..#.#.# #.#
#..##.#....#..#.#.#
#.###..##.#.#.##..#.#.#
#.#.........#.##..#.#.#
#.####.##.......Y.#.#.#
#.##........#.#...#.#.#
..##.#.####.#.#.@.#.#.#
..##.#...<..#.#...#.#.#
..##.#.##.#.#.#...#.#.#
..##.#.##.#.......#.#.#
..##.#.##.#.#.#...#.#.#
..##.#.##.#.#.#...#.#.######
...#.#.##.#.#.#...#.#......#
...#.#.##.#.#.#...#.######.#
.....#.##.#.#.##..#.# #.#


You could see an ice beast.

Vanquished Creatures
  2 adders
  2 oozes (D:3)
  A worm (D:2)
  2 dart slugs
  A leopard gecko (D:1)
  6 orcs (D:3)
  5 bats
  A giant cockroach (D:1)
  3 goblins
  8 hobgoblins
  A quokka (D:3)
  A ball python (D:1)
  2 frilled lizards
  A kobold (D:3)
  A rat (D:3)
37 creatures vanquished.

Notes
Turn   | Place    | Note
-------+----------+-------------------------------------------
     0 | Abyss:1  | Dancorps13 the Hill Orc Abyssal Knight began the quest for the Orb.
     0 | Abyss:1  | Reached XP level 1. HP: 19/19 MP: 2/2
    80 | D:1      | Escaped the Abyss
   407 | D:1      | Reached XP level 2. HP: 27/27 MP: 4/4
   847 | D:2      | Found a faded altar of an unknown god.
  1104 | D:2      | Reached XP level 3. HP: 26/33 MP: 5/5
  1802 | D:3      | Reached ** piety under Lugonu
  2031 | D:3      | Reached XP level 4. HP: 28/40 MP: 6/6
  2290 | D:3      | Noticed an ice beast
  2299 | D:2      | HP: 2/40 [ice beast (5)]
  2305 | D:2      | HP: 1/40 [poisoned by an adder]
  2309 | D:2      | Succumbed to an adder's poison

Vault maps used:
D:1:      dpeg_arrival_rhombi
D:2:      chequers_ecumenical_altar_lobes
D:3:      uniq_ijyb

Skill      XL: |  1  2  3  4 |
---------------+-------------+-----
Axes           | 3 |  3.9
Invocations    | 3 4 |  4.0
Fighting       | 4 |  4.0
Armour         | |  2.7
Dodging        | |  0.7
Shields        | |  0.7

Action                   |  1- 3 |  4- 6 || total
-------------------------+-------+-------++-------
Melee: Hand axe          |   102 |    30 ||   132
  Eat: Chunk             |     1 |       ||     1
       Ration            |     1 |       ||     1
Armor: Leather armour    |    12 |       ||    12
       Ring mail         |    38 |    21 ||    59
Dodge: Dodged            |    53 |    17 ||    70
Block: Shield            |    24 |    16 ||    40

Table legend:
 A = Spawn XP
 B = Non-spawn XP
 C = Spawn XP percentage of total XP
 D = Spawn monster count
 E = Non-spawn monster count
 F = Spawn count percentage of total count
 G = Total turns spent on level
                    A         B        C        D         E        F      G
               +---------+---------+-------+---------+---------+-------+---------
         Total |       0 |     113 |   0.0 |       0 |      37 |   0.0 |  2309
               +---------+---------+-------+---------+---------+-------+---------
           D:1 |       0 |      22 |   0.0 |       0 |      11 |   0.0 |   741
           D:2 |       0 |      26 |   0.0 |       0 |       7 |   0.0 |  1099
           D:3 |       0 |      65 |   0.0 |       0 |      19 |   0.0 |   389
               +---------+---------+-------+---------+---------+-------+---------
